 Dungeon Crawl Stone Soup version 0.30-a0-140-gd1020e658a (webtiles) character file.

Game seed: 15426807923006960436

292 jimonade the Grave Robber (level 6, -3/41 HPs)
             Began as a Demonspawn Necromancer on Sept 24, 2022.
             Slain by an orc priest
             ... wielding a +0 long sword
              (4 damage)
             ... on level 4 of the Dungeon.
             The game lasted 00:09:04 (3092 turns).

jimonade the Grave Robber (Demonspawn Necromancer)  Turns: 3092, Time: 00:09:04

Health: -3/41      AC:  4    Str:  8    XL:     6   Next: 10%
Magic:  8/20       EV: 12    Int: 25    God:
Gold:   125        SH:  0    Dex: 13    Spells: 4/12 levels left

rFire   . . .      SeeInvis .    E - +2 dagger (venom)
rCold   . . .      Faith    .    (no shield)
rNeg    . . .      Spirit   .    a - +0 robe
rPois   .          Reflect  .    (helmet restricted)
rElec   .          Harm     .    (no cloak)
rCorr   .          Rampage  .    x - +0 pair of gloves
Will    .....                    c - +0 pair of boots
Stlth   ++........               (no amulet)
HPRegen 0.13/turn                d - ring of magical power
MPRegen 0.17/turn                p - +6 ring of intelligence

@: animating dead
A: horns 1, weakness stinger 1, demonic touch 1
a: no special abilities


You were on level 4 of the Dungeon.
You visited 1 branch of the dungeon, and saw 4 of its levels.

You collected 125 gold pieces.

Inventory:

Hand Weapons
 v - a +1 antimagic hand axe
 E - a +2 dagger of venom (weapon)
Missiles
 o - 5 boomerangs
Armour
 a - a +0 robe (worn)
 c - a +0 pair of boots (worn)
 g - a +0 ring mail
 h - a +0 ring mail
 l - a +0 plate armour
 x - a +0 pair of gloves (worn)
 B - a +0 leather armour
 F - a +0 scale mail
Jewellery
 d - a ring of magical power (left hand)
 f - an amulet of faith
 p - a +6 ring of intelligence (right hand)
 w - a ring of ice
Scrolls
 e - a scroll of teleportation {unknown}
 i - a scroll of blinking {unknown}
 k - 8 scrolls of identify {unknown}
 n - a scroll of enchant armour {unknown}
 s - a scroll of fog {unknown}
 y - a scroll of poison {unknown}
Potions
 b - a potion of magic
 j - a potion of might {unknown}
 m - 2 potions of cancellation {unknown}
 q - 3 potions of haste {unknown}
 r - a potion of brilliance {unknown}
 t - a potion of ambrosia {unknown}
 u - a potion of heal wounds {unknown}
 z - 3 potions of curing {unknown}
 A - a potion of mutation {unknown}
 C - a potion of resistance {unknown}
 D - a potion of lignification {unknown}


   Skills:
 - Level 1.7 Dodging
 - Level 1.7 Stealth
 + Level 3.8 Spellcasting
 * Level 7.0 Necromancy


You had 4 spell levels left.
You knew the following spells:

 Your Spells              Type           Power      Damage    Failure   Level
a - Necrotise             Necr           100%       1d9       1%          1
b - Vampiric Draining     Necr           40%        2d8       1%          3
c - Animate Dead          Necr           40%        N/A       4%          4

Your spell library contained the following spells:

 Spells                   Type           Power      Damage    Failure   Level
 Blink                    Tloc           8%         N/A       14%         2
 Lesser Beckoning         Tloc           4%         N/A       28%         3
 Manifold Assault         Tloc           4%         N/A       67%         4
 Agony                    Necr           40%        N/A       14%         5


Dungeon Overview and Level Annotations

Branches:
Dungeon (4/15)
 Temple: D:4-7

Altars:


Innate Abilities, Weirdness & Mutations

You have a pair of small horns on your head.
You have a small tail.
Your touch may inflict minor irresistible damage on your foes.


Message History

The orc priest hits your orc wizard zombie with a +0 long sword.
Your Necromancy skill increases to level 7!
You have reached level 6!
Your demonic ancestry asserts itself...
You grow a small tail.
Aiming: Necrotise (safe; 1% risk of failure)
Press: ? - help, Q - select action, (/) - cycle Shift-Dir - straight line, f - you That beam is likely to hit you.
Continue anyway?
Okay, then.
Unknown command.
Aiming: Necrotise (safe; 1% risk of failure)
Press: ? - help, Q - select action, (/) - cycle Shift-Dir - straight line, f - you
Okay, then.
Unknown command.
The orc priest casts a cantrip, but nothing happens.
Your orc wizard zombie hits the orc priest but does no damage.
Your orc priest zombie hits the orc priest but does no damage.
The orc priest hits your orc wizard zombie with a +0 long sword!
Your orc wizard zombie closely misses the orc priest.
Your orc priest zombie misses the orc priest.
The orc priest hits your orc wizard zombie with a +0 long sword!
Your orc wizard zombie is destroyed!
Aiming: Necrotise (safe; 1% risk of failure)
Press: ? - help, Q - select action, (/) - cycle Shift-Dir - straight line, f - orc priest
Aim: an orc priest, wielding a +0 long sword and wearing a +0 leather armour (ally target, chance to affect: 83%)
The orc priest writhes in agony.
Your orc priest zombie misses the orc priest.
Aiming: Necrotise (safe; 1% risk of failure)
Press: ? - help, Q - select action, (/) - cycle Shift-Dir - straight line, f/p - orc priest
Aim: an orc priest, wielding a +0 long sword and wearing a +0 leather armour (moderately wounded, ally target, chance to affect: 83%)
The orc priest writhes in agony.
The orc priest invokes the aid of Beogh against you.
Beogh smites you!
* * * LOW HITPOINT WARNING * * *
Aiming: Necrotise (safe; 1% risk of failure)
Press: ? - help, Q - select action, (/) - cycle Shift-Dir - straight line, f/p - orc priest
Aim: an orc priest, wielding a +0 long sword and wearing a +0 leather armour (moderately wounded, ally target, chance to affect: 83%)
The orc priest writhes in agony!
The orc priest hits you with a +0 long sword.
You die...

.....# #....#...##.#
#........#
#....#......#
#........#
##....##.#..#
#........## #.......#..
#.........###........#
#.........##...........
#........#...#....####
#......#..######.#
#..@...## #.. ###o.###
#.. #Z.## #. #..###
#..# ..## .. .


You could see an orc priest (ally target) and a friendly orc priest zombie.

Vanquished Creatures
  Sigmund (D:2)
  An orc priest (D:4)
  An orc wizard (D:4)
  An adder (D:2)
  A worm (D:2)
  3 dart slugs
  7 ball pythons
  6 endoplasms
  6 giant cockroaches
  6 hobgoblins
  5 quokkas
  3 bats
  3 frilled lizards
  3 goblins
  6 kobolds
  4 rats
57 creatures vanquished.

Vanquished Creatures (collateral kills)
  An endoplasm (D:3)
  A goblin (D:1)
  A frilled lizard (D:3)
3 creatures vanquished.

Vanquished Creatures (others)
  An orc zombie (D:4)
  A hobgoblin zombie (D:3)
  2 kobold zombies
4 creatures vanquished.

Grand Total: 64 creatures vanquished

Notes
Turn   | Place    | Note
-------+----------+-------------------------------------------
     0 | D:1      | jimonade the Demonspawn Necromancer began the quest for the
                  | Orb.
     0 | D:1      | Reached XP level 1. HP: 13/13 MP: 3/3
   492 | D:1      | Discovered your monstrous ancestry.
   492 | D:1      | Gained mutation: You have a pair of small horns on your
                  | head. [demonic ancestry]
   492 | D:1      | Reached XP level 2. HP: 19/19 MP: 5/5
   636 | D:1      | Reached skill level 5 in Necromancy
   784 | D:1      | Found a faded altar of an unknown god.
  1008 | D:1      | Reached XP level 3. HP: 24/24 MP: 6/6
  1288 | D:1      | Learned a level 3 spell: Vampiric Draining
  2370 | D:2      | Gained mutation: Your touch may inflict minor irresistible
                  | damage on your foes. [demonic ancestry]
  2370 | D:2      | Reached XP level 4. HP: 26/30 MP: 8/8
  2380 | D:2      | Learned a level 4 spell: Animate Dead
  2413 | D:2      | Noticed Sigmund
  2422 | D:2      | Killed Sigmund
  2423 | D:2      | Reached skill level 6 in Necromancy
  2423 | D:2      | Reached XP level 5. HP: 35/35 MP: 10/10
  3086 | D:4      | Reached skill level 7 in Necromancy
  3086 | D:4      | Gained mutation: You have a small tail. [demonic ancestry]
  3086 | D:4      | Reached XP level 6. HP: 12/41 MP: 10/11
  3091 | D:4      | HP: 1/41 [orc priest/divine providence (12)]
  3092 | D:4      | Slain by an orc priest

Illustrated notes

Levels and vault maps discovered:
D:1:      sevenhm_arrival_forest_fort_small_3, layout_basic,
          shapermc_ecumenical_altar_mp_vishouse
D:2:      layout_loops_corners, chequers_mini_garden, uniq_sigmund
D:3:      layout_rooms, dk_noncrumbling_3
D:4:      layout_cave_pods, lemuel_tele_altar, xom_butterflies,
          nicolae_qazlal_scattered_showers, hangedman_decor_points, uniq_duvessa

Skill      XL: |  1  2  3  4  5 |
---------------+----------------+-----
Necromancy     | 5 6 7 |  7.0
Spellcasting   | 3 |  3.8
Dodging        | |  1.7
Stealth        | |  1.7

Action                   |  1- 3 |  4- 6 || total
-------------------------+-------+-------++-------
Melee: Unarmed           |    14 |       ||    14
 Cast: Necrotise         |    87 |    29 ||   116
       Animate Dead      |       |     6 ||     6
Armor: Robe              |     7 |     3 ||    10
Dodge: Dodged            |    28 |     4 ||    32

Table legend: (Time is in decaauts)
 A = Elapsed time spent in this place.
 B = Non-inter-level travel time spent in this place.
 C = Inter-level travel time spent in this place.
 D = Time resting spent in this place.
 E = Time spent auto-exploring this place.
 F = Levels seen in this place.
 G = Mean time per level.
                   A        B        C        D        E       F      G
               +--------+--------+--------+--------+--------+-----+--------+
         Total |   3089 |   2971 |    118 |    388 |   1753 |   4 |  772.2 |
       Dungeon |   3089 |   2971 |    118 |    388 |   1753 |   4 |  772.2 |
               +--------+--------+--------+--------+--------+-----+--------+

Top non-repeatable levels by time:
     D:1: 1288 daAuts
     D:2: 1271 daAuts
     D:3: 468 daAuts
     D:4: 60 daAuts
